Map: Catalyst LE

Players

DERASTAT - Winner!

  • Race: Zerg Zerg
  • League: Master
  • Spawn Location: 5:00

pressure

  • Race: Protoss Protoss
  • League: Master
  • Spawn Location: 11:00

VOD

Have the link to the VOD?

Description

Time

  • Played on: April 27, 2018, 12:51 p.m.
  • Length: 8:43
Show
View Real Time Build Order
Export as new Build Order

DERASTAT Zerg - Winner!

Build Orders: Hatch First 

Get SALT Encoding   

  12  0:03  Drone  
  13  0:13  Overlord  
  13  0:18  Drone  
  14  0:31  Drone x2  
  16  0:49  Hatchery  
  15  0:53  Drone  
  15  0:56  Drone  
  17  1:02  Drone  
  18  1:10  Extractor  
  17  1:17  Spawning Pool  
  16  1:18  Drone  
  16  1:22  Drone  
  18  1:29  Drone  
  20  1:40  Drone  
  20  1:50  Overlord  
  20  2:03  Queen x2  
  20  2:06  Zergling x2  
  20  2:07  Zergling x2  
  26  2:15  Metabolic Boost  
  26  2:18  Drone x2  
  28  2:28  Drone x2  
  30  2:38  Drone x2  
  32  2:45  Hatchery  
  32  2:49  Queen  
  33  2:54  Overlord  
  33  3:04  Zergling x4  
  35  3:14  Drone x6  
  41  3:21  Overlord  
  41  3:32  Drone x3  
  43  3:39  Queen  
  44  3:44  Drone x2  
  48  3:54  Overlord x2  
  46  4:01  Overlord x3  
  46  4:02  Queen  
  46  4:09  Lair  
  48  4:11  Extractor  
  48  4:14  Drone x3, Queen  
  51  4:26  Drone  
  51  4:27  Drone x6  
  51  4:29  Extractor  
  57  4:41  Zergling x2  
  57  4:42  Zergling x8  
  61  4:58  Zergling x14  
  68  5:06  Overlord x2  
  68  5:10  Hydralisk Den  
  68  5:12  Extractor, Spore Crawler  
  68  5:14  Drone x4, Spore Crawler  
  70  5:24  Zergling x12  
  70  5:25  Zergling x2  
  77  5:32  Overlord x2  
  72  5:40  Hydralisk x4  
  68  5:51  Hydralisk x4  
  68  5:55  Grooved Spines  
  71  5:59  Drone  
  71  6:02  Drone x3  
  75  6:10  Overlord  
  75  6:12  Drone x4  
  77  6:25  Drone x6  
  80  6:36  Hydralisk x3  
  80  6:37  Hydralisk  
  88  6:48  Baneling Nest  
  88  6:49  Hydralisk x2  
  91  7:03  Hydralisk x4  
  91  7:07  Muscular Augments  
  99  7:09  Zergling x2  
  99  7:10  Zergling x10  
  105  7:19  Overlord x2  
  105  7:20  Zergling x6  
  105  7:21  Zergling x4  
  110  7:28  Zergling x2  
  111  7:41  Baneling x3  
  111  7:42  Baneling x14  
  110  7:46  Hydralisk  
  110  7:47  Zergling x14  
  115  8:04  Zergling x10  
  105  8:40  Hatchery  
Show
View Real Time Build Order
Export as new Build Order

pressure Protoss 

Build Orders: Nexus First, Phoenix Opening 

Get SALT Encoding   

  12  0:00  Probe  
  13  0:12  Probe  
  14  0:22  Pylon  
  14  0:24  Probe  
  15  0:36  Probe  
  16  0:45  Probe  
  17  1:00  Nexus  
  17  1:11  Gateway  
  17  1:13  Probe  
  18  1:18  Assimilator  
  18  1:25  Probe  
  19  1:27  Assimilator  
  19  1:37  Probe  
  20  1:46  Gateway  
  20  1:49  Probe  
  21  1:58  Cybernetics Core  
  21  2:01  Probe  
  22  2:10  Pylon  
  22  2:12  Probe  
  22  2:14  Probe  
  24  2:24  Probe  
  24  2:26  Probe, Adept x2  
  26  2:33  Pylon  
  30  2:38  Warp Gate  
  30  2:41  Probe  
  31  2:48  Probe  
  32  2:53  Stargate  
  32  2:55  Probe  
  33  3:00  Adept  
  33  3:01  Probe  
  33  3:03  Probe  
  36  3:09  Probe  
  36  3:11  Probe  
  39  3:20  Twilight Council  
  39  3:23  Probe  
  40  3:30  Phoenix  
  40  3:35  Probe  
  40  3:40  Shield Battery  
  40  3:41  Probe  
  40  3:43  Resonating Glaives  
  40  3:49  Gateway  
  40  3:51  Adept  
  40  3:53  Adept  
  40  3:54  Probe  
  45  3:57  Probe  
  46  4:07  Pylon  
  46  4:25  Probe x2  
  48  4:32  Pylon  
  48  4:35  Nexus  
  48  4:37  Probe x2  
  50  4:42  Adept x2  
  54  4:50  Probe x2  
  56  4:53  Robotics Facility x2  
  56  4:57  Adept  
  58  5:02  Probe x2  
  58  5:03  Assimilator  
  58  5:04  Adept  
  62  5:08  Pylon, Assimilator  
  62  5:16  Pylon  
  62  5:22  Pylon  
  62  5:26  Probe x2  
  62  5:27  Adept x3  
  70  5:36  Shield Battery  
  70  5:38  Probe  
  70  5:39  Probe  
  68  5:50  Probe  
  68  5:51  Probe x2  
  68  5:56  Immortal  
  73  5:57  Immortal  
  73  6:01  Adept  
  73  6:02  Probe  
  73  6:03  Probe x2, Stalker  
  76  6:13  Sentry  
  76  6:15  Probe x2  
  80  6:25  Probe  
  80  6:27  Warp Prism  
  80  6:28  Probe x2  
  80  6:30  Gateway  
  80  6:31  Gateway  
  82  6:34  Sentry, Gateway  
  82  6:35  Sentry  
  82  6:36  Immortal  
  88  6:40  Gateway  
  88  6:43  Sentry  
  94  6:52  Gateway  
  94  6:56  Pylon  
  94  6:57  Pylon  
  94  6:58  Pylon  
  94  6:59  Adept x2  
  98  7:07  Adept  
  100  7:14  Pylon  
  100  7:15  Pylon  
  100  7:17  Pylon  
  100  7:22  Adept x2  
  100  7:25  Sentry x2  
  100  7:28  Adept  
  110  7:37  Probe x2  
  112  7:47  Adept x3  
  112  7:48  Adept x2  
  112  7:51  Probe  
  123  7:52  Probe  
  99  8:10  Adept x6  
  68  8:30  Probe  
  58  8:34  Adept x6  
Tags
 
Add a new tag
Caveats
  • Supply blocks, unpowered buildings, or Contaminate may cause inaccurate times.
  • Supply counts are checked every 10 seconds.